AoeStats
← Chiripa605

Arena

509118999Analyzed
4v4 RM · 6d ago on Sep 25, 2026· 36m 21s· 8 players
Game mode
Random Map
Map size
Large (8 player)
Population
200
Speed
Normal
Resources
Standard
Victory
Conquest
Starting age
Dark Age
Ending age
Imperial Age
RankedLock teamsTeams togetherTeam positionsShared explorationLock speedFull tech treeHidden civsTurbo modeCheats
Victory
Defeat
🇨🇳 Wei · China
1521
+12
🇨🇳 Turks · China
1472
+14
🇨🇳 Malians · China
1466
+15
🇨🇳 Italians · China
1328
+20
🇨🇳 Ethiopians · China
1454
-16
🇺🇸 Hindustanis · United States
1445
-16
🇸🇬 Burgundians · Singapore
1434
-15
🇨🇳 Portuguese · China
1410
-14
Chiripa605
10:41 Feudal Age
14:13 Castle Age
12:19 Double-Bit Axe
13:32 Horse Collar
15:08 Bow Saw
19:36 Heavy Plow
20:57 Scale Barding Armor
21:36 Wheelbarrow
21:55 Bloodlines
23:02 Stone Mining
23:59 Husbandry
24:37 Chain Barding Armor
25:45 Forging
26:13 Gold Mining
28:03 Gold Shaft Mining
用爱感化队友
10:15 Feudal Age
11:14 Double-Bit Axe
14:00 Castle Age
12:48 Horse Collar
16:17 Bow Saw
16:56 Heavy Plow
19:19 Loom
21:46 Scale Mail Armor
24:03 Squires
23:48 Arson
27:03 Wheelbarrow
33:14 Wheelbarrow
33:51 Gold Mining
34:54 Crossbowman
35:40 Thumb Ring
35:42 Fletching
8316699
4:39 Double-Bit Axe
7:54 Horse Collar
10:57 Feudal Age
14:35 Castle Age
13:35 Bow Saw
13:26 Heavy Plow
13:32 Heavy Plow
20:06 Wheelbarrow
22:04 Crop Rotation
21:42 Scale Barding Armor
21:48 Forging
23:04 Hand Cart
22:41 Gold Mining
23:32 Chain Barding Armor
24:04 Gold Shaft Mining
23:38 Husbandry
23:35 Stone Mining
23:50 Cavalier
26:12 Iron Casting
34:10 Imperial Age
32:31 Fletching
33:18 Stone Shaft Mining
32:37 Elite Skirmisher
33:27 Bodkin Arrow
34:55 Paladin
西门大官人
10:02 Feudal Age
11:13 Loom
13:56 Castle Age
12:12 Double-Bit Axe
13:05 Stone Mining
13:29 Horse Collar
27:13 Fletching
时尚
10:31 Feudal Age
14:07 Castle Age
12:50 Double-Bit Axe
12:46 Horse Collar
15:46 Fletching
15:56 Padded Archer Armor
21:59 Bodkin Arrow
26:05 Ballistics
29:17 Wheelbarrow
28:56 Padded Archer Armor
30:07 Leather Archer Armor
30:18 Bow Saw
30:28 Stone Mining
30:30 Gold Mining
31:55 Heavy Plow
34:42 Thumb Ring
乌西迪西
9:52 Feudal Age
10:19 Double-Bit Axe
10:17 Horse Collar
11:16 Gold Mining
12:32 Stone Mining
17:34 Castle Age
17:06 Scale Barding Armor
18:42 Bow Saw
18:35 Heavy Plow
19:12 Gold Shaft Mining
21:36 Chain Barding Armor
22:08 Forging
24:22 Iron Casting
24:55 Tuntian
25:45 Wheelbarrow
28:40 Stone Shaft Mining
29:19 Bloodlines
29:10 Husbandry
30:42 Hand Cart
31:24 Loom
36:00 Town Watch
小吉弟弟
12:23 Feudal Age
13:20 Double-Bit Axe
14:03 Horse Collar
16:26 Castle Age
18:09 Forging
18:47 Scale Mail Armor
19:50 Squires
21:35 Arson
23:32 Iron Casting
24:26 Chain Mail Armor
25:48 Wheelbarrow
27:48 Pikeman
33:20 Bow Saw
36:09 Imperial Age
33:26 Loom
33:49 Herbal Medicine
36:37 Heavy Plow
abc963852741
12:22 Feudal Age
13:40 Double-Bit Axe
16:09 Castle Age
17:44 Bow Saw
20:20 Imperial Age
18:45 Gold Mining
22:35 Two-Man Saw
22:46 Fletching
34:43 Loom
Connection lost

Rejoining the realm…

Still unreachable

The connection could not be restored.

Session expired

The server has moved on; the page needs a fresh start.